 Dungeon Crawl Stone Soup version 0.28-a0-1389-gc726bef33b (webtiles) character file.

Game seed: 16474030374984788737

262 enile the Skirmisher (level 6, -2/47 (51) HPs)
             Began as a Formicid Wanderer on Jan 4, 2022.
             Slain by Crazy Yiuf (10 damage)
             ... on level 2 of the Dungeon.
             The game lasted 00:05:35 (1746 turns).

enile the Skirmisher (Formicid Wanderer)            Turns: 1746, Time: 00:05:36

HP:   -2/47 (51)    AC:  4    Str: 20    XL:     6   Next: 42%
MP:   6/6           EV: 11    Int: 11    God:
Gold: 0             SH:  0    Dex:  9    Spells: 5/5 levels left

rFire   . . .      SeeInvis +   h - +0 scythe
rCold   . . .      Faith    .   (no shield)
rNeg    . . .      Spirit   .   e - +0 leather armour
rPois   .          Reflect  .   (helmet unavailable)
rElec   .          Harm     .   (no cloak)
rCorr   .          Rampage  .   (no gloves)
Will    .....                   d - +0 pair of boots
Stlth   ++........              (no amulet)
HPRegen 0.15/turn               (no ring)
MPRegen 0.10/turn               (no ring)

@: brilliant, drained
A: permanent stasis, dig shafts and tunnels, antennae 3, four strong arms
a: Dig, Shaft Self


You were on level 2 of the Dungeon.
You visited 1 branch of the dungeon, and saw 2 of its levels.

Inventory:

Hand Weapons
 a - a +2 hunting sling
 c - a +0 mace
 h - a +0 scythe (weapon)
 k - a +3 short sword
Missiles
 b - 14 sling bullets
 f - 41 stones (quivered)
 l - 19 poisoned darts
Armour
 d - a +0 pair of boots (worn)
 e - a +0 leather armour (worn)
Scrolls
 g - a scroll of teleportation {unknown}
Potions
 i - a potion of curing
 m - a potion of brilliance


   Skills:
 - Level 5.0 Fighting
 - Level 3.2 Maces & Flails
 - Level 3.5(3.7) Slings
 - Level 1.4(2.5) Throwing
 - Level 2.0 Armour
 - Level 1.3 Dodging
 + Level 3.4 Stealth


You had 5 spell levels left.
You didn't know any spells.
Your spell library was empty.

Dungeon Overview and Level Annotations

Branches:
Dungeon (2/15)

Altars:

Annotations:
D:2 Crazy Yiuf, Jessica


Innate Abilities, Weirdness & Mutations

You cannot be hasted, slowed, berserked, paralysed or teleported.
You can dig through walls and to a lower floor.
You have a pair of large antennae on your head. (SInv)
Your four strong arms can wield two-handed weapons with a shield.


Message History

You fly up into the air.
Crazy Yiuf laughs, "Whippet seventy arga!"
Crazy Yiuf completely misses you.
You see here a +0 mace.
You see here a +0 mace.
Jessica the Apprentice Sorceress comes into view.
She is wielding a +0 dagger.
Crazy Yiuf says, "Cake down seventy!"
Crazy Yiuf twirls on the spot.
Crazy Yiuf says, "Earwax hog sow!"
Crazy Yiuf waves his quarterstaff at you.
Crazy Yiuf grits, "Peeping blue pontify!"
Crazy Yiuf screams, "Earwax!
Pitchfork cower tea."
Unknown command.
You are starting to lose your buoyancy.
Okay, then.
You float gracefully downwards.
Crazy Yiuf flaps his cloak.
Things that are here:
a +3 short sword; 19 poisoned darts; a kobold corpse
k - a +3 short sword;
l - 19 poisoned darts Crazy Yiuf hits you with a +3 quarterstaff of chaos!
Crazy Yiuf burns you.
* * * LOW HITPOINT WARNING * * *
It was a potion of brilliance.
You feel clever all of a sudden.
Crazy Yiuf hits you with a +3 quarterstaff of chaos.
* * * LOW HITPOINT WARNING * * *
You feel drained.
* * * LOW HITPOINT WARNING * * *
Jessica gestures at you while chanting.
Your stasis prevents you from being slowed.
Jessica drinks a potion.
Jessica suddenly seems more resistant.
Jessica mumbles some strange words.
Jessica blinks!
Okay, then.
As you read the scroll labelled TIUR TIHOTENUS, it crumbles to dust.
Wisps of shadow whirl around you...
It was a scroll of summoning.
Crazy Yiuf yells, "Two!"
Crazy Yiuf hits you with a +3 quarterstaff of chaos!
You die...

..............#..........#.#.#.##
.#.#.#..............###.........#
..............#..ยง..###..#.#.#...
.#.#.#........###...............#
..........#.#.###.....{..#.#.#..#
.#.#.#...........................
..........#.#.##g#.....###.......
....##........##g#...............
....##........##@#......#.#.#..>.
....##....#...##.#...............
....##....#...##g###....#.#.#.#.#
.##########...##.# #........#.#..
.# ######.# #..@.#.#...#..
.###############+###........#.##.
............................#....
.##..........#.......###........#
..#..........###....## ........#


You could see Crazy Yiuf (ally target), a friendly hobgoblin (summoned) and a
friendly goblin (summoned).

Vanquished Creatures
  Sigmund (D:2)
  4 gnolls
  3 adders
  A dart slug (D:2)
  4 endoplasms
  2 giant cockroaches
  5 goblins
  3 hobgoblins
  4 jackals
  2 quokkas
  3 ball pythons (D:1)
  4 bats
  6 kobolds
  3 rats (D:1)
45 creatures vanquished.

Notes
Turn   | Place    | Note
-------+----------+-------------------------------------------
     0 | D:1      | enile the Formicid Wanderer began the quest for the Orb.
     0 | D:1      | enile set off with the following items: a +2 hunting sling,
                  | 18 sling bullets, a +0 mace, a +0 pair of boots, a +0
                  | leather armour
     0 | D:1      | Reached XP level 1. HP: 13/13 MP: 1/1
   144 | D:1      | Reached XP level 2. HP: 15/19 MP: 2/2
   237 | D:1      | Reached XP level 3. HP: 24/24 MP: 3/3
   472 | D:1      | Reached skill level 1 in Fighting
   904 | D:2      | Reached skill level 2 in Fighting
   908 | D:2      | Reached XP level 4. HP: 32/33 MP: 4/4
   942 | D:2      | Noticed Sigmund
  1293 | D:2      | Killed Sigmund
  1294 | D:2      | Reached skill level 3 in Fighting
  1294 | D:2      | Reached skill level 4 in Fighting
  1294 | D:2      | Reached XP level 5. HP: 42/43 MP: 5/5
  1294 | D:2      | Reached XP level 6. HP: 48/49 MP: 6/6
  1377 | D:2      | Reached skill level 5 in Fighting
  1673 | D:2      | Found a runed translucent door.
  1674 | D:2      | Noticed Crazy Yiuf
  1695 | D:2      | Noticed Jessica
  1746 | D:2      | Slain by Crazy Yiuf

Illustrated notes

Levels and vault maps discovered:
D:1:      dpeg_arrival_rooms_b, layout_basic
D:2:      layout_basic, serial_glass, glass_columns_b, glass_columns_a,
          glass_columns_a, glass_columns_b, glass_columns_b, glass_columns_b,
          glass_columns_a, glass_columns_a, ebering_ecumenical_altar_rust,
          uniq_sigmund, uniq_crazy_yiuf_cottage, uniq_jessica

Skill      XL: |  1  2  3  4  5  6 |
---------------+-------------------+-----
Fighting       | 2 4 5 |  5.0
Armour         | 2 |  2.0
Stealth        | 3 |  3.4
Maces & Flails | |  3.2
Slings         | |  3.5
Throwing       | |  1.4
Dodging        | |  1.3

Action                   |  1- 3 |  4- 6 || total
-------------------------+-------+-------++-------
Melee: Hunting sling     |       |     2 ||     2
       Scythe            |       |     3 ||     3
 Fire: Hunting sling     |    79 |    63 ||   142
 Abil: Dig               |       |     1 ||     1
  Use: Potion            |     1 |     4 ||     5
       Scroll            |       |     1 ||     1
Armor: Leather armour    |    15 |     2 ||    17
Dodge: Dodged            |    27 |    29 ||    56

Table legend: (Time is in decaauts)
 A = Elapsed time spent in this place.
 B = Non-inter-level travel time spent in this place.
 C = Inter-level travel time spent in this place.
 D = Time resting spent in this place.
 E = Time spent auto-exploring this place.
 F = Levels seen in this place.
 G = Mean time per level.
                   A        B        C        D        E       F      G
               +--------+--------+--------+--------+--------+-----+--------+
         Total |   1753 |   1726 |     27 |    128 |   1203 |   2 |  876.5 |
       Dungeon |   1753 |   1726 |     27 |    128 |   1203 |   2 |  876.5 |
               +--------+--------+--------+--------+--------+-----+--------+

Top non-repeatable levels by time:
     D:1: 1171 daAuts
     D:2: 581 daAuts
